 Dungeon Crawl Stone Soup version 0.17-a0-1708-gbd78d88 (console) character file.

392 Monkaria the Covert (level 6, -3/28 HPs)
             Began as a Felid Berserker on Aug 22, 2015.
             Was a Priest of Trog.
             Slain by a gnoll
             ... wielding a +0 club
              (6 damage)
             ... on level 4 of the Dungeon.
             The game lasted 00:05:53 (4366 turns).

Monkaria the Covert (Felid Berserker)               Turns: 4366, Time: 00:05:53

Health: -3/28      AC:  2    Str: 18    XL:     6   Next: 51%
Magic:  7/7        EV: 19    Int:  8    God:    Trog [***...]
Gold:   175        SH:  0    Dex: 16    Spells: 0 memorised, 5 levels left
                                        Lives:  0   Deaths: 2

rFire  . . .     SeeInvis +       - Unarmed
rCold  . . .     Clarity  .     (armour unavailable)
rNeg   + . .     SustAt   .     (shield unavailable)
rPois  .         Gourm    .     (helmet unavailable)
rElec  .         Spirit   .     (cloak unavailable)
rCorr  .         Warding  .     (gloves unavailable)
rMut   .         Stasis   .     (boots unavailable)
MR     ++...                    (no amulet)
Stlth  ++++++....               f - ring of positive energy
                                r - +3 ring of strength

@: exhausted, regenerating, slowed, slow, very resistant to hostile
enchantments, very stealthy
A: no armour, no weapons or thrown items, claws 1, fangs 3, see invisible,
carnivore 3, speed 1, shaggy fur 2, slow metabolism 1, sharp paws
a: Burn Spellbooks, Berserk, Trog's Hand, Renounce Religion


You were on level 4 of the Dungeon.
You worshipped Trog.
Trog was most pleased with you.
You were not hungry.

You visited 1 branch of the dungeon, and saw 4 of its levels.

You collected 175 gold pieces.

Inventory:

Jewellery
 f - a ring of positive energy (right paw)
 r - a +3 ring of strength (left paw)
Magical devices
 u - a wand of fire (4)
Scrolls
 b - a scroll of amnesia {unknown}
 c - 5 scrolls of identify {unknown}
 g - 2 scrolls of noise {unknown}
 j - 6 scrolls of enchant weapon {unknown}
 l - 2 scrolls of magic mapping {unknown}
 n - 3 scrolls of teleportation {unknown}
 o - 2 scrolls of blinking {unknown}
 s - a scroll of random uselessness {unknown}
Potions
 d - a potion of might {unknown}
 e - a potion of flight {unknown}
 h - a potion of curing {unknown}
 i - a potion of poison {unknown}
 k - a potion of lignification
 m - a potion of cancellation {unknown}
 p - a potion of haste
 t - a potion of heal wounds
 v - 2 potions of brilliance {unknown}
Comestibles
 a - 2 meat rations
 q - a royal jelly
 w - 4 chunks of flesh


   Skills:
 - Level 3.0 Fighting
 - Level 4.0 Dodging
 + Level 10.6 Stealth
 - Level 4.5 Unarmed Combat


You had 5 spell levels left.
You didn't know any spells.

Dungeon Overview and Level Annotations

Branches:
Dungeon (4/15)             Temple (0/1) D:4

Altars:
Kikubaaqudgha
Nemelex Xobeh


Innate Abilities, Weirdness & Mutations

You cannot wear armour.
You are incapable of wielding weapons or throwing items.
You have sharp claws.
You have razor-sharp teeth.
You have supernaturally acute eyesight.
You are carnivorous and can eat meat at any time.
You cover ground quickly.
You are covered in thick fur (AC +2).
You have a slow metabolism.
Your sharp claws are effective at attacking unaware monsters.


Message History

Unknown command.
Use which ability? (? or * to list)
Your skin crawls.
You feel resistant to hostile enchantments.
You feel slightly more hungry. The gnoll hits you with a whip.
The gnoll misses you.
You scratch the gnoll but do no damage.
The gnoll is almost dead.
The gnoll hits you with a whip. The gnoll completely misses you.
The gnoll misses you.
You completely miss the gnoll.
The gnoll is almost dead.
The gnoll hits you with a club. The gnoll hits you with a whip!
* * * LOW HITPOINT WARNING * * *
The gnoll barely misses you.
You claw the gnoll!
You kill the gnoll!
Trog accepts your kill. The gnoll hits you with a club.
You die...

##'# #...)#
...#############''')#############
...#......)())..)...............#
####≈≈≈≈≈≈≈)≈)≈≈..).≈(≈≈≈≈≈≈≈≈≈≈#
≈≈≈≈≈≈≈≈≈≈≈≈≈≈≈≈....≈≈≈≈≈≈≈≈≈≈≈≈≈
≈≈≈≈≈≈≈≈≈≈≈≈≈≈≈≈†...≈≈≈≈≈≈≈≈≈≈≈≈≈
.................................
###########....>.........).......
#..........g@).....####...###
#.#####.###........# #...# #...#
#.#..........# #...#
###.###.)..........# #...###
#.......###.)....## #...'..
##########....[...# #...###
#........##.# #...###
#.##........#####.#..
####.##................#


You could see a gnoll.

Vanquished Creatures
  3 slaves (D:4)
  An ogre (D:4)
  A gnoll sergeant (D:4)
  3 gnoll shamans (D:4)
  A hound (D:4)
  Ijyb (D:2)
  2 centaur skeletons (D:4)
  An orc wizard (D:4)
  Terence (D:2)
  An iguana (D:4)
  A worker ant (D:4)
  20 gnolls (D:4)
  2 adders
  An adder skeleton (D:4)
  2 worms (D:2)
  5 giant geckos
  5 orcs
  4 bats
  2 giant cockroaches
  5 goblins
  12 hobgoblins
  22 jackals
  4 kobolds
  3 giant newts
  A quokka (D:2)
  A quokka skeleton (D:4)
  6 rats
111 creatures vanquished.

Notes
Turn   | Place    | Note
--------------------------------------------------------------
     0 | D:1      | Monkaria the Felid Berserker began the quest for the Orb.
     0 | D:1      | Reached XP level 1. HP: 10/10 MP: 2/2
   642 | D:1      | Reached XP level 2. HP: 12/14 MP: 3/3
  1347 | D:2      | Noticed Terence
  1354 | D:2      | Killed Terence
  1354 | D:2      | Reached XP level 3. HP: 7/17 MP: 4/4
  1610 | D:2      | Reached skill level 1 in Stealth
  1756 | D:2      | Noticed Ijyb
  1760 | D:2      | Acquired Trog's second power
  1770 | D:2      | Killed Ijyb
  1770 | D:2      | Reached XP level 4. HP: 18/21 MP: 5/5
  2064 | D:2      | Found a sparkling altar of Nemelex Xobeh.
  2275 | D:2      | You fall through a shaft!
  2820 | D:3      | Found an ancient bone altar of Kikubaaqudgha.
  3173 | D:4      | Noticed an ogre
  3192 | D:4      | Killed from afar by an orc wizard
  3193 | D:4      | Reached XP level 3. HP: -2/17 MP: 4/4
  3204 | D:4      | Reached skill level 5 in Stealth
  3204 | D:4      | Reached XP level 4. HP: 21/21 MP: 5/5
  3209 | D:4      | Killed an ogre
  3209 | D:4      | Reached skill level 6 in Stealth
  3209 | D:4      | Reached XP level 5. HP: 22/24 MP: 6/6
  3406 | D:4      | Found a staircase to the Ecumenical Temple.
  3444 | D:4      | Reached skill level 7 in Stealth
  3546 | D:4      | Gained mutation: You are covered in thick fur (AC +2). [Felid growth]
  3546 | D:4      | Reached XP level 6. HP: 18/28 MP: 7/7
  3577 | D:4      | Reached skill level 8 in Stealth
  3937 | D:4      | Noticed a slave
  3937 | D:4      | Noticed a slave
  3937 | D:4      | Noticed a slave
  3964 | D:4      | Killed a slave
  3967 | D:4      | Killed a slave
  3988 | D:4      | Killed a slave
  3996 | D:4      | Reached skill level 9 in Stealth
  4222 | D:4      | Reached XP level 7. HP: 31/31 MP: 8/8
  4307 | D:4      | Reached skill level 10 in Stealth
  4328 | D:4      | Slain by a gnoll sergeant
  4329 | D:4      | Reached XP level 6. HP: -2/28 MP: 7/7
  4366 | D:4      | Slain by a gnoll

Vault maps used:
D:1:      zaba_arrival_water, st_stairs_14
D:2:      nemelex_deck, uniq_terence, uniq_iyjb
D:3:      lemuel_crystal_altar, minmay_liquid_box, dk_vineyard_1
D:4:      lemuel_castle_with_subvaults, minmay_temple_entry_overgrown,
          first_bread, minmay_misc_feat_secret_circle, kennysheep_small_spiral,
          uniq_pikel

Action                   |  1- 3 |  4- 6 |  7- 9 || total
-------------------------+-------+-------+-------++-------
Melee: Unarmed           |    65 |   199 |    29 ||   293
Invok: Berserk           |     2 |     6 |     1 ||     9
       Trog's Hand       |     1 |     8 |     1 ||    10
  Use: Potion            |       |     3 |     1 ||     4
 Stab: Sleeping          |     6 |    14 |       ||    20
       Distracted        |       |       |     1 ||     1
  Eat: Chunk             |     9 |    16 |     1 ||    26
